 Dungeon Crawl Stone Soup version 0.19-a0-231-gae044c8 (webtiles) character file.

212 Delvonshi the Gusty (level 5, 0/32 HPs)
             Began as a Tengu Air Elementalist on May 24, 2016.
             Was an Initiate of Sif Muna.
             Slain by Sigmund
             ... wielding a +0 scythe of slicing
              (8 damage)
             ... on level 4 of the Dungeon.
             The game lasted 00:31:53 (5284 turns).

Delvonshi the Gusty (Tengu Air Elementalist)        Turns: 5284, Time: 00:31:54

Health: 0/32       AC:  2    Str:  8    XL:     5   Next: 90%
Magic:  0/9        EV: 13    Int: 17    God:    Sif Muna [......]
Gold:   109        SH:  0    Dex: 14    Spells: 3 memorised, 2 levels left

rFire  . . .     SeeInvis .     e - +1 dagger (vamp)
rCold  . . .     Gourm    .     m - +0 robe
rNeg   . . .     Faith    .     (no shield)
rPois  .         Spirit   .     (helmet restricted)
rElec  .         Dismiss  .     (no cloak)
rCorr  .         Reflect  .     (no gloves)
SustAt .         Harm     .     (boots unavailable)
MR     .....                    (no amulet)
Stlth  ++........               (no ring)
                                (no ring)

@: not resistant to hostile enchantments, unstealthy
A: beak, talons 3, able to fly 1
a: Fly, Renounce Religion


You were on level 4 of the Dungeon.
You worshipped Sif Muna.
Sif Muna was noncommittal.
You were not hungry.

You visited 1 branch of the dungeon, and saw 4 of its levels.

You collected 109 gold pieces.

Inventory:

Hand Weapons
 e - a +1 vampiric dagger (weapon)
 j - a +0 hunting sling
Missiles
 d - 29 arrows
 k - 85 stones (quivered)
Armour
 a - a +0 robe
 m - a +0 robe (worn)
Jewellery
 v - a +5 ring of dexterity
Wands
 t - a wand of flame (32/48)
Scrolls
 f - 8 scrolls of identify {unknown}
 g - a scroll of teleportation {unknown}
 i - 2 scrolls of enchant weapon {unknown}
 n - 2 scrolls of remove curse {unknown}
 o - a scroll of magic mapping {unknown}
 q - a scroll of fear {unknown}
 s - 2 scrolls of amnesia {unknown}
 w - a scroll of immolation {unknown}
 y - a scroll of enchant armour {unknown}
 E - a scroll of recharging {unknown}
Potions
 r - a potion of might {unknown}
 u - 2 potions of heal wounds {unknown}
 C - a potion of haste {unknown}
 D - a potion of invisibility {unknown}
Books
 b - a book of Air

   Spells                             Type                      Level
   a - Shock                          Conjuration/Air              1
   b - Swiftness                      Charms/Air                   2
   c - Repel Missiles                 Charms/Air                   2
   d - Static Discharge               Conjuration/Air              3
   e - Lightning Bolt                 Conjuration/Air              5
Comestibles
 c - 3 bread rations
 h - a royal jelly
 l - a beef jerky
 x - 4 fruits
 z - a meat ration
 A - a slice of pizza
 B - 2 chunks of flesh


   Skills:
 + Level 3.0 Fighting
 + Level 2.6 Dodging
 - Level 2.0 Stealth
 - Level 2.0 Spellcasting
 + Level 4.0 Conjurations
 - Level 5.5 Air Magic
 + Level 0.6 Evocations


You had 2 spell levels left.
You knew the following spells:

 Your Spells              Type           Power        Failure   Level  Hunger
a - Shock                 Conj/Air       ###.         2%          1    #......
b - Static Discharge      Conj/Air       ###.....     10%         3    ###....
c - Repel Missiles        Chrm/Air       ##....       12%         2    ###....


Dungeon Overview and Level Annotations

Branches:
Dungeon (4/15)
 Temple: D:4-7

Altars:
Fedhas
Sif Muna
Trog
The Shining One

Annotations:
D:2 exclusion: oklob plant
D:4 Sigmund


Innate Abilities, Weirdness & Mutations

You have a beak for a mouth.
You have claws for feet.
You can fly.


Message History

Sigmund gestures wildly while chanting.
Sigmund flickers and vanishes!
Deactivating autopickup; reactivate with Ctrl-A.
Evoke which item? (* to show all) (? for menu, Esc to quit)
Zapping:
t - a wand of flame (will waste charges)
Press: ? - help, Shift-Dir - straight line Evoking this partially-identified wand wasted a few charges.
Something hits you!
Ouch! That really hurt!
* * * LOW HITPOINT WARNING * * *
Unknown command.
You remove your +5 ring of dexterity.
You feel clumsy.
You offer a prayer to Sif Muna.
Sif Muna is noncommittal.
Drink which item? (? for menu, Esc to quit)
It was a potion of cancellation.
Your magical effects are unravelling.
You feel magically purged. Something hits you!
You die...

###### #....## #...@{#
##### # #...#h## #...#
.##. #####..#
#...###....
##.###...#......
.#######..##...#......
......................
......................
......................
.............###......


You could see a hound.

Vanquished Creatures
  A howler monkey (D:4)
  10 adders
  An ooze (D:1)
  A worm (D:2)
  3 dart slugs
  A giant gecko (D:1)
  2 orcs
  2 ball pythons
  2 giant cockroaches
  10 goblins
  9 hobgoblins
  7 jackals
  A quokka (D:3)
  6 bats
  5 giant newts
  5 kobolds
  4 rats
70 creatures vanquished.

Vanquished Creatures (others)
  A fungus (D:2)
1 creature vanquished.

Grand Total: 71 creatures vanquished

Notes
Turn   | Place    | Note
--------------------------------------------------------------
     0 | D:1      | Delvonshi the Tengu Air Elementalist began the quest for the Orb.
     0 | D:1      | Reached XP level 1. HP: 10/10 MP: 4/4
   260 | D:1      | Reached XP level 2. HP: 15/16 MP: 6/6
   278 | D:1      | Reached skill level 1 in Fighting
   715 | D:1      | Reached XP level 3. HP: 8/20 MP: 4/7
  1226 | D:1      | Learned a level 3 spell: Static Discharge
  1546 | D:2      | Found a blossoming altar of Fedhas.
  1557 | D:2      | Noticed an oklob plant
  2164 | D:2      | Reached XP level 4. HP: 20/26 MP: 1/8
  2244 | D:2      | Reached skill level 5 in Air Magic
  2905 | D:2      | Found a deep blue altar of Sif Muna.
  2908 | D:2      | Became a worshipper of Sif Muna the Loreminder
  3638 | D:3      | Gained mutation: You can fly. [Tengu growth]
  3638 | D:3      | Reached XP level 5. HP: 31/31 MP: 6/9
  3908 | D:3      | Found a bloodstained altar of Trog.
  4514 | D:3      | Found a faded altar to an unknown god.
  4599 | D:3      | Learned a level 2 spell: Repel Missiles
  5177 | D:4      | Found a glowing golden altar of the Shining One.
  5272 | D:4      | Noticed Sigmund
  5284 | D:4      | Slain by Sigmund

Vault maps used:
D:1:      tarquinn_simple_flora_water_d, corexii_corridor_pit
D:2:      lemuel_blue_sif_altar, first_bread, tgw_fedhas
D:3:      lemuel_doored_altar, ecumenical_altar_2
D:4:      tso_metal_star, gup_sewer_entry_glass, serial_corexii_hall,
          corexii_hall_statues_x, corexii_hall_statues_x, hex_medium,
          uniq_sigmund

Skill      XL: |  1  2  3  4  5 |
---------------+----------------+-----
Conjurations   | 2 3 4 |  4.0
Fighting       | 1 2 3 |  3.0
Air Magic      | 5 |  5.5
Dodging        | |  2.6
Stealth        | |  2.0
Spellcasting   | |  2.0
Evocations     | |  0.6

Action                   |  1- 3 |  4- 6 || total
-------------------------+-------+-------++-------
Melee: Unarmed           |    14 |       ||    14
       Peck              |     4 |     1 ||     5
       Dagger            |    31 |    14 ||    45
       Kick              |    10 |     2 ||    12
 Cast: Shock             |    58 |    73 ||   131
       Static Discharge  |       |     9 ||     9
       Repel Missiles    |       |     1 ||     1
 Abil: Fly               |       |     1 ||     1
Evoke: Wand              |       |     1 ||     1
  Use: Potion            |       |     1 ||     1
 Stab: Sleeping          |       |     1 ||     1
  Eat: Bread ration      |     1 |     1 ||     2
       Chunk             |     5 |     9 ||    14
Armor: Robe              |    14 |     4 ||    18
Dodge: Dodged            |    44 |    15 ||    59
